 Dungeon Crawl Stone Soup version 0.26-a0-264-g3a471323bd (console) character file.

Game seed: 8956357715014962798

45243 Kagalorn the Warrior (level 14, -2/144 HPs)
             Began as a Hill Orc Gladiator on July 11, 2020.
             Was an Elder of Yredelemnul.
             Killed from afar by a guardian serpent (14 damage)
             ... with a bolt of poison
             ... on level 6 of the Lair of Beasts.
             The game lasted 01:04:25 (29489 turns).

Kagalorn the Warrior (Hill Orc Gladiator)          Turns: 29489, Time: 01:04:28

Health: -2/144     AC: 10    Str: 18    XL:     14   Next: 32%
Magic:  19/21      EV: 16    Int: 12    God:    Yredelemnul [****..]
Gold:   885        SH:  9    Dex: 18    Spells: 13/13 levels left

rFire    . . .     SeeInvis .   a - +3 broad axe (vamp)
rCold    + . .     Faith    +   s - +2 buckler
rNeg     . . .     Spirit   .   v - +0 leather armour
rPois    .         Reflect  .   c - +0 helmet
rElec    .         Harm     .   L - +1 cloak
rCorr    .                      (no gloves)
MR       +....                  j - +1 pair of boots {run}
Stlth    +.........             I - amulet of faith
HPRegen  0.34/turn              N - ring of wizardry
MPRegen  0.17/turn              G - ring of Esiati {rC+ Dex+6}

@: lethally poisoned (-2 -> -17), quick
A: no striking features
a: Recall Undead Slaves, Injury Mirror, Animate Dead, Drain Life, Renounce
Religion


You were on level 6 of the Lair of Beasts.
You worshipped Yredelemnul.
Yredelemnul was greatly pleased with you.
You were not hungry.

You visited 3 branches of the dungeon, and saw 19 of its levels.
You also visited: Gauntlet.

You collected 885 gold pieces.

Inventory:

Hand Weapons
 a - a +3 vampiric broad axe (weapon)
 b - a +3 long sword of flaming
 m - a +3 rapier of flaming
 w - a +2 flail of draining
 x - a +2 trident of flaming
Missiles
 d - 5 throwing nets (quivered)
 i - 557 stones
Armour
 c - a +0 helmet (worn)
 j - a +1 pair of boots of running (worn)
 s - a +2 buckler (worn)
 v - a +0 leather armour (worn)
 L - a +1 cloak (worn)
Jewellery
 k - an uncursed ring of see invisible
 r - an uncursed amulet of guardian spirit
 u - an uncursed ring of ice
 G - the ring of Esiati (right hand) {rC+ Dex+6}
   (You found it on level 11 of the Dungeon)

   [ring of dexterity]

   It affects your dexterity (+6).
   It protects you from cold.
 I - an amulet of faith (around neck)
 N - a ring of wizardry (left hand)
Wands
 t - a wand of polymorph (5)
 A - a wand of acid (10)
 K - a wand of random effects (17)
Scrolls
 e - 4 scrolls of remove curse
 h - 2 scrolls of fear
 l - 4 scrolls of enchant weapon
 o - a scroll of fog
 p - a scroll of blinking
 y - 4 scrolls of teleportation
 z - 4 scrolls of magic mapping
 B - a scroll of amnesia
 E - 2 scrolls of brand weapon
 J - a scroll of vulnerability {unknown}
 O - a scroll of summoning
Potions
 g - a potion of lignification
 n - a potion of haste
 q - 3 potions of mutation
 D - a potion of flight
 F - a potion of ambrosia
 H - 3 potions of stabbing
 M - 2 potions of curing
 P - 3 potions of magic
 Q - 3 potions of heal wounds
Miscellaneous
 C - 2 boxes of beasts
Comestibles
 f - 55 rations


   Skills:
 + Level 18.4 Fighting
 - Level 5.9(7.0) Short Blades
 - Level 6.0(7.3) Long Blades
 - Level 6.4(8.0) Axes
 - Level 6.0(6.9) Polearms
 - Level 1.7 Throwing
 + Level 7.9 Armour
 + Level 6.6 Dodging
 + Level 9.0 Shields
 + Level 9.3 Invocations


You had 13 spell levels left.
You didn't know any spells.
Your spell library contained the following spells:

 Spells                   Type           Power        Failure   Level
 Corona                   Hex            #......      16%         1
 Ensorcelled Hibernation  Hex/Ice        #.....       22%         2
 Confusing Touch          Hex            #.......     41%         3
 Dazzling Flash           Conj/Hex       #.....       41%         3
 Tukima's Dance           Hex            #.......     41%         3


Dungeon Overview and Level Annotations

Branches:
Dungeon (12/15)            Temple (1/1) D:4            Lair (6/6) D:10
  Swamp (0/4) Lair:2       Spider (0/4) Lair:4          Orc (0/2) D:9
Gauntlet (visited)
  Slime: Lair:5-6

Altars:
Ashenzari
Cheibriados
Dithmenos
Elyvilon
Fedhas
Gozag
Hepliaklqana
Kikubaaqudgha
Makhleb
Nemelex Xobeh
Okawaru
Qazlal
Ru
Sif Muna
Trog
Uskayaw
Vehumet
Wu Jian
Xom
Yredelemnul
Zin
The Shining One

Shops:
D:4 :   D:9 (

Annotations:
Lair:5 exclusion: oklob plant


Message History

You feel better.
The redback closely misses your water moccasin zombie.
The guardian serpent casts a spell at you.
The bolt of poison hits your water moccasin zombie.
Your water moccasin zombie completely resists.
The bolt of poison hits you!!
You are poisoned.
* * * LOW HITPOINT WARNING * * *
The redback bites your water moccasin zombie!
Your vampire hits the guardian serpent!
Your vampire bites the guardian serpent.
Your vampire draws strength from the guardian serpent's injuries!
Your water moccasin zombie bites the redback.
The guardian serpent casts a spell at you.
The bolt of poison hits your water moccasin zombie.
Your water moccasin zombie completely resists.
The bolt of poison hits you!
You are lethally poisoned!
You die...
Your body rises from the dead as a mindless zombie.

.....##...##....##...##.....###..
......##...#....#...##...P..# #..
.....(.##..##..##..##.....P####..
........##.[#..#..##...Z.....P#..
.###.....##.####.##....###.......
...###....#####Z.#...###.##......
.....###.).##......###..$ #.P....
..P....###.#....####...$[ ###..#Z
.........###.PP.@Zs....![ ##...
.........###.PP.ZVSZ...[! ##..
..P....###.#....####...$? ###..
.P...###.?.##..##.(###..$ #....
...###V..Z.#######)..###.#####...
.###.Z.Z.#..####.##....###P.###..
......ZZ##..#..#(.##......P.##.#.
.......##ZZ##..##..##....P.#..#..
......##V..#....#...##...........


You could see a guardian serpent, a redback, a friendly vampire, a friendly
water moccasin zombie, a friendly black mamba zombie, a friendly elephant zombie
and a friendly cane toad zombie.

Vanquished Creatures
  A minotaur (Gauntlet)
  Harold (D:9)
  3 hydras
  Urug (Lair:4)
  2 wolf spiders (Lair:6)
  An ugly thing (D:11)
  11 elephants
  5 black mambas (Lair:6)
  10 cane toads
  2 komodo dragons
  2 rime drakes
  A troll (D:10)
  A polar bear (Lair:2)
  2 hornets
  16 blink frogs
  4 hippogriffs
  A redback (Lair:6)
  2 spriggans
  A wraith (D:10)
  Sigmund (D:5)
  26 yaks
  10 wyverns
  2 basilisks
  A golden eye (Gauntlet)
  11 water moccasins
  4 wargs (D:9)
  A soldier ant (D:12)
  16 porcupines
  Purgy (D:3)
  3 ice beasts
  An eye of draining (D:8)
  3 orc warriors (D:8)
  2 sky beasts
  3 phantoms
  3 ogres
  8 black bears
  45 wolves
  5 centaurs
  4 crocodiles
  A big kobold (D:9)
  Blork the orc (D:5)
  13 bullfrogs
  A gnoll sergeant (D:8)
  6 scorpions
  18 killer bees
  3 wights
  3 howler monkeys
  2 centaur zombies (D:9)
  A quasit (D:6)
  A bullfrog zombie (D:8)
  7 hounds
  4 orc priests
  2 jellies
  A centaur skeleton (D:11)
  8 orc wizards
  2 bullfrog skeletons
  Terence (D:3)
  2 iguanas
  6 worker ants
  A killer bee zombie (D:6)
  A hound skeleton (D:8)
  10 gnolls
  13 adders
  A white imp (D:8)
  An ufetubus (D:9)
  2 adder skeletons
  3 adder zombies (D:6)
  2 worms
  5 leopard geckos
  28 orcs
  5 bats
  4 giant cockroaches
  6 goblins
  4 hobgoblins
  4 jackals (D:2)
  2 quokkas
  6 frilled lizards
  A jackal skeleton (D:5)
  7 kobolds
  4 rats
  3 fungi
  2 plants (Lair:6)
415 creatures vanquished.

Vanquished Creatures (collateral kills)
  Snorg (Lair:4)
  3 hydras
  4 black mambas
  6 elephants
  3 cane toads
  A komodo dragon (Lair:4)
  A hornet (Lair:6)
  3 hippogriffs
  10 blink frogs
  A redback (Lair:6)
  4 wyverns
  2 yaks
  4 water moccasins
  3 porcupines
  8 wolves (Lair:3)
  2 crocodiles
  7 fungi
  9 plants
72 creatures vanquished.

Vanquished Creatures (others)
  A wraith (Lair:6)
  3 flying skulls
  A wight (Lair:5)
  4 black mamba zombies
  A redback zombie (Lair:6)
  A mummy (Lair:5)
  An elephant zombie (Lair:6)
  4 blink frog zombies
  3 hippogriff zombies
  A polar bear zombie (Lair:2)
  A troll zombie (Lair:4)
  5 water moccasin zombies
  3 cane toad zombies
  5 porcupine zombies
  A rime drake zombie (Lair:6)
  A black bear zombie (Lair:5)
  5 yak zombies
  2 bullfrog zombies
  3 crocodile zombies
  22 wolf zombies
  5 wyvern zombies
  A bush (D:10)
  12 fungi
  46 plants
  A withered plant (Gauntlet)
133 creatures vanquished.

Grand Total: 620 creatures vanquished

Notes
Turn   | Place    | Note
-------+----------+-------------------------------------------
     0 | D:1      | Kagalorn the Hill Orc Gladiator began the quest for the
                  | Orb.
     0 | D:1      | Reached XP level 1. HP: 18/18 MP: 1/1
    75 | D:2      | Reached XP level 2. HP: 23/25 MP: 2/2
   130 | D:2      | Reached skill level 3 in Fighting
   396 | D:2      | Found an opulent altar of Gozag.
   492 | D:2      | Identified a +0 pair of boots of running (You found it on
                  | level 2 of the Dungeon)
   529 | D:2      | Reached XP level 3. HP: 28/31 MP: 3/3
   680 | D:2      | Found an ancient bone altar of Kikubaaqudgha.
  1262 | D:3      | Noticed Purgy
  1668 | D:3      | Noticed Terence
  1685 | D:3      | Killed Terence
  1685 | D:3      | Reached skill level 4 in Fighting
  1685 | D:3      | Reached XP level 4. HP: 40/40 MP: 4/4
  2056 | D:4      | Noticed an ogre
  2073 | D:3      | Reached XP level 5. HP: 37/47 MP: 3/5
  2209 | D:4      | Reached skill level 5 in Fighting
  2209 | D:4      | Reached skill level 5 in Polearms
  2317 | D:4      | Found a staircase to the Ecumenical Temple.
  2321 | Temple   | Entered the Ecumenical Temple
  2772 | D:4      | Found a shimmering blue altar of Sif Muna.
  2855 | D:4      | Noticed a phantom
  2965 | D:4      | Reached skill level 1 in Shields
  2965 | D:4      | Reached XP level 6. HP: 12/56 MP: 3/6
  3634 | D:4      | Found Vyxic's Book Shop.
  4035 | D:5      | Entered Level 5 of the Dungeon
  4189 | D:5      | Noticed a phantom
  4408 | D:4      | Killed a phantom
  4408 | D:4      | Reached skill level 6 in Fighting
  4408 | D:4      | Reached XP level 7. HP: 42/63 MP: 7/7
  4715 | D:4      | Reached skill level 1 in Axes
  5415 | D:5      | Noticed Blork the orc
  5428 | D:5      | Reached skill level 7 in Fighting
  5532 | D:5      | Killed Blork the orc
  5532 | D:5      | Reached XP level 8. HP: 73/73 MP: 8/8
  5666 | D:5      | Reached skill level 8 in Fighting
  5847 | D:5      | Noticed Sigmund
  6196 | D:5      | Reached skill level 1 in Long Blades
  6619 | D:6      | Reached skill level 9 in Fighting
  7344 | D:7      | Noticed a hippogriff
  7362 | D:7      | Killed a hippogriff
  7362 | D:7      | Reached XP level 9. HP: 73/85 MP: 7/9
  7459 | D:7      | Reached skill level 10 in Fighting
  7482 | D:6      | Reached skill level 5 in Long Blades
  8330 | D:8      | Noticed a hornet
  8339 | D:8      | Paralysed by a hornet for 1 turns
  8341 | D:8      | Paralysed by a hornet for 2 turns
  8342 | D:8      | HP: 2/86 [hornet (14)]
  8346 | D:8      | Killed a hornet
  8346 | D:8      | Reached skill level 11 in Fighting
  8745 | D:8      | Found an iron altar of Okawaru.
  9208 | D:8      | Reached skill level 12 in Fighting
  9973 | D:8      | Reached XP level 10. HP: 99/99 MP: 0/10
 10395 | D:8      | Reached skill level 13 in Fighting
 11002 | D:9      | Found Dagow's Antique Weapon Shop.
 11170 | D:9      | Reached skill level 5 in Axes
 11349 | D:9      | Noticed Harold
 11438 | D:9      | Killed Harold
 11673 | D:9      | Found a staircase to the Orcish Mines.
 11689 | D:9      | Reached skill level 14 in Fighting
 12312 | D:10     | Entered Level 10 of the Dungeon
 12623 | D:10     | Reached skill level 1 in Short Blades
 12802 | D:10     | Reached XP level 11. HP: 111/111 MP: 11/11
 12896 | D:10     | Reached skill level 15 in Fighting
 13228 | D:10     | Found a staircase to the Lair.
 14325 | D:10     | Reached skill level 5 in Short Blades
 14881 | D:5      | Killed Sigmund
 15063 | D:3      | Killed Purgy
 15096 | D:3      | Found a basalt altar of Yredelemnul.
 15096 | D:3      | Found a shadowy altar of Dithmenos.
 15103 | D:3      | Became a worshipper of Yredelemnul the Dark
 15323 | D:11     | Found a gate leading to a gauntlet.
 15332 | Gauntlet | Entered a Gauntlet
 15332 | Gauntlet | Found a transporter.
 15342 | Gauntlet | Found a transporter.
 15344 | Gauntlet | Noticed a shining eye
 15352 | Gauntlet | Found a transporter.
 15358 | Gauntlet | Found a transporter.
 15361 | Gauntlet | Found a transporter.
 15370 | Gauntlet | Noticed an orange crystal statue
 15377 | Gauntlet | Found a transporter.
 15380 | Gauntlet | Noticed a reaper
 15388 | Gauntlet | Noticed a catoblepas
 15389 | Gauntlet | Found a transporter.
 15399 | Gauntlet | Found a transporter.
 15413 | Gauntlet | Found a transporter.
 15428 | Gauntlet | Found a transporter.
 15428 | Gauntlet | Found a transporter.
 15435 | Gauntlet | Noticed a fire crab
 15473 | Gauntlet | Found a transporter.
 15487 | Gauntlet | Found a transporter.
 15500 | Gauntlet | Found a transporter.
 15869 | Gauntlet | Noticed a wizard
 15872 | Gauntlet | Noticed a catoblepas
 16268 | Gauntlet | Noticed a minotaur
 16280 | Gauntlet | Killed a minotaur
 16601 | Gauntlet | Got a pitted dagger
 16913 | D:11     | Got a smoking turquoise ring
 16936 | D:11     | Identified the cursed +3 dagger "Heser" {holy, Dex+2} (You
                  | found it in a Gauntlet)
 16996 | D:11     | Found a white marble altar of Elyvilon.
 17001 | D:11     | Noticed a white ugly thing
 17012 | D:11     | Killed a white ugly thing
 17012 | D:11     | Reached skill level 16 in Fighting
 17208 | D:11     | Identified the ring of Esiati {rC+ Dex+6} (You found it on
                  | level 11 of the Dungeon)
 18097 | D:12     | Noticed a green ugly thing
 18203 | Lair:1   | Entered Level 1 of the Lair of Beasts
 18214 | Lair:1   | Noticed a five-headed hydra
 18224 | Lair:1   | Killed a one-headed hydra
 18228 | Lair:1   | Reached * piety under Yredelemnul
 18228 | Lair:1   | Reached XP level 12. HP: 21/124 MP: 12/12
 18643 | Lair:1   | Reached skill level 1 in Invocations
 18649 | Lair:1   | Reached skill level 1 in Armour
 18765 | Lair:1   | Reached skill level 17 in Fighting
 19780 | Lair:1   | Reached skill level 5 in Shields
 19780 | Lair:1   | HP: 5/125 [blink frog (12)]
 19782 | Lair:1   | Reached ** piety under Yredelemnul
 21220 | Lair:2   | Noticed an eight-headed hydra
 21320 | Lair:2   | Killed a four-headed hydra
 21972 | Lair:2   | Found a staircase to the Swamp.
 22494 | Lair:3   | Reached skill level 5 in Invocations
 23206 | Lair:3   | Reached *** piety under Yredelemnul
 23338 | Lair:3   | Reached XP level 13. HP: 128/133 MP: 17/17
 23389 | Lair:3   | Reached skill level 5 in Armour
 24751 | Lair:4   | Reached **** piety under Yredelemnul
 24779 | Lair:4   | Noticed Snorg
 24792 | Lair:4   | Killed Snorg
 24792 | Lair:4   | Reached skill level 5 in Dodging
 24926 | Lair:4   | Noticed Urug
 24939 | Lair:4   | Killed Urug
 24942 | Lair:4   | Received a gift from Yredelemnul (a wight)
 25186 | Lair:4   | Found a hole to the Spider Nest.
 26041 | Lair:5   | Received a gift from Yredelemnul (a mummy)
 26499 | Lair:4   | Your ally Snorg died
 26801 | Lair:5   | Reached skill level 18 in Fighting
 27051 | Lair:5   | Received a gift from Yredelemnul (5 flying skulls)
 27390 | Lair:6   | Entered Level 6 of the Lair of Beasts
 27942 | Lair:6   | Reached XP level 14. HP: 121/143 MP: 20/20
 28078 | Lair:6   | Received a gift from Yredelemnul (a wraith)
 28326 | Lair:6   | Received a gift from Yredelemnul (2 flying skulls)
 28656 | Lair:6   | Received a gift from Yredelemnul (a vampire)
 29489 | Lair:6   | Killed from afar by a guardian serpent

Illustrated notes

Levels and vault maps discovered:
D:1:      eino_arrival_water_star, layout_basic
D:2:      wander_river, layout_loops_ring, lemuel_doored_altar,
          grunt_gozag_breadcrumbs
D:3:      layout_loops_corners, gammafunk_temple_overflow_statue, first_ration,
          uniq_purgy, uniq_terence
D:4:      layout_basic, lemuel_blue_sif_altar, temple_statues, serial_shops,
          kennysheep_mini
D:5:      layout_rooms, sigmund_army, uniq_sigmund, uniq_blork_the_orc
D:6:      layout_cave_pools
D:7:      layout_rooms
D:8:      layout_rooms, overflow_temple_1_default, minmay_misc_feat_ornament
D:9:      layout_roguey, minmay_orc_entry_guard_dogs, serial_shops,
          kennysheep_mini_moat, the_bakery, st_stairs_11, uniq_harold
D:10:     layout_stronghold, minmay_lair_entry_grove,
          minmay_misc_feat_four_crosses, evilmike_minifort
D:11:     layout_irregular_city, gauntlet_entry_generic, basic_altar
D:12:     layout_grid_maze
Temple:   eino_temple_rhombus
Lair:1:   layout_misc_corridors, serial_rivers, chequers_serial_rivers_small_a,
          chequers_serial_rivers_micro_b, chequers_serial_rivers_small_b,
          chequers_serial_rivers_large_a, chequers_serial_rivers_micro_e,
          st_stairs_8, chequers_serial_rivers_room_a, lemuel_fruit_tree
Lair:2:   layout_regular_city, swamp_mist, st_stairs_6,
          grunt_forest_stairs_clearing
Lair:3:   layout_cave_shapes, grunt_forest_large_clearings
Lair:4:   layout_small_grid, spider_nest_entry_webs,
          infiniplex_staircase_pool_2, grunt_megastairs_3, uniq_snorg, uniq_urug
Lair:5:   layout_misc_corridors, minmay_slime_entry_oklob_open, minivault_23
Lair:6:   hangedman_lair_tendril_chambers, layout_gridlike,
          serial_bayou_lagoon_a

Skill      XL: |  1  2  3  4  5  6  7  8  9 10 11 12 13 14 |
---------------+-------------------------------------------+-----
Fighting       | 3 4 5 6 7 9 12 14 16 17 18 | 18.4
Polearms       | 4 5 6 |  6.0
Shields        | 1 2 4 6 8 9 |  9.0
Axes           | 3 6 |  6.4
Long Blades    | 4 6 |  6.0
Short Blades   | 1 5 |  5.9
Invocations    | 5 8 9 |  9.3
Armour         | 4 7 |  7.9
Dodging        | 4 6 |  6.6
Throwing       | |  1.7

Action                   |  1- 3 |  4- 6 |  7- 9 | 10-12 | 13-15 || total
-------------------------+-------+-------+-------+-------+-------++-------
Melee: Trident           |   120 |   179 |    81 |       |       ||   380
       Hand axe          |       |       |    51 |       |       ||    51
       Long sword        |       |       |   222 |   368 |    17 ||   607
       Rapier            |       |       |       |    15 |       ||    15
       Broad axe         |       |       |       |   379 |   429 ||   808
Throw: Stone             |       |       |    11 |       |       ||    11
       Throwing net      |       |       |       |     2 |       ||     2
Invok: Animate Remains   |       |       |       |    35 |       ||    35
       Animate Dead      |       |       |       |     7 |    59 ||    66
Evoke: Wand              |       |       |       |     5 |       ||     5
  Use: Scroll            |     1 |     1 |     5 |    20 |     6 ||    33
       Potion            |       |       |     1 |     6 |     2 ||     9
 Stab: Sleeping          |     4 |     2 |     3 |     2 |       ||    11
       Held in net/web   |       |       |       |     1 |       ||     1
       Confused          |       |       |       |     1 |       ||     1
       Distracted        |       |       |       |       |    11 ||    11
  Eat: Ration            |     1 |     2 |     5 |    11 |     6 ||    25
Armor: Leather armour    |    33 |    35 |    68 |   166 |   135 ||   437
       Skin              |       |       |       |     6 |    30 ||    36
Dodge: Dodged            |    73 |    56 |   195 |   469 |   374 ||  1167
Block: Buckler           |       |    25 |   150 |   341 |   260 ||   776
       Rpst.: Long sword |       |       |    46 |    57 |     2 ||   105

Table legend:
 A = Non-vault XP
 B = Vault XP
 C = Vault XP percentage of total XP
 D = Non-vault monster count
 E = Vault monster count
 F = Vault count percentage of total count
                 A         B        C        D         E       F
            +---------+---------+-------+---------+---------+-------
      Total |   44122 |   20512 |  31.7 |     359 |     107 |  23.0
            +---------+---------+-------+---------+---------+-------
        D:1 |       3 |       0 |   0.0 |       3 |       0 |   0.0
        D:2 |      46 |       0 |   0.0 |      19 |       0 |   0.0
        D:3 |      88 |     170 |  65.9 |      21 |       2 |   8.7
        D:4 |     957 |       2 |   0.2 |      31 |       1 |   3.1
        D:5 |     521 |     324 |  38.3 |      15 |       4 |  21.1
        D:6 |     460 |       0 |   0.0 |      16 |       0 |   0.0
        D:7 |    1403 |       0 |   0.0 |      12 |       0 |   0.0
        D:8 |    2092 |       0 |   0.0 |      33 |       0 |   0.0
        D:9 |    1094 |    2536 |  69.9 |      19 |      12 |  38.7
       D:10 |    2782 |    1328 |  32.3 |      26 |      10 |  27.8
       D:11 |    1546 |       0 |   0.0 |      16 |       0 |   0.0
       D:12 |     517 |       0 |   0.0 |       8 |       0 |   0.0
     Lair:1 |    6656 |       0 |   0.0 |      33 |       0 |   0.0
     Lair:2 |    3286 |    1127 |  25.5 |      16 |       7 |  30.4
     Lair:3 |    3451 |    3237 |  48.4 |      18 |      31 |  63.3
     Lair:4 |    7329 |    2059 |  21.9 |      31 |       4 |  11.4
     Lair:5 |    6064 |     290 |   4.6 |      23 |       2 |   8.0
     Lair:6 |    5827 |    8000 |  57.9 |      19 |      32 |  62.7
   Gauntlet |       0 |    1439 | 100.0 |       0 |       2 | 100.0
            +---------+---------+-------+---------+---------+-------
